 Dungeon Crawl Stone Soup version 0.31.0-9-g3a7656b989 (webtiles) character file.

Game seed: 9106108926926308272

2959 qw the Skirmisher (level 9, -2/74 HPs)
             Began as a Demigod Hunter on Feb 2, 2024.
             Incinerated by a bombardier beetle (5 damage)
             ... with a burning spray
             ... on level 7 of the Dungeon.
             The game lasted 00:00:21 (5819 turns).

qw the Skirmisher (Demigod Hunter)                  Turns: 5819, Time: 00:00:22

Health: -2/74      AC:  7    Str: 12    XL:     9   Next: 27%
Magic:  11/11      EV: 19    Int: 11    God:
Gold:   195        SH:  0    Dex: 35    Spells: 8/8 levels left

rFire   . . .        b - +2 orcbow (heavy)
rCold   . . .        (shield currently unavailable)
rNeg    + . .        o - +2 leather armour {rPois}
rPois   +            k - +0 helmet
rElec   .            (no cloak)
rCorr   .            a - +0 pair of gloves
SInv    .            (no boots)
Will    .....        (no amulet)
Stlth   +            c - +6 ring of dexterity
HPRegen 0.32/turn    l - ring of positive energy
MPRegen 0.12/turn

%: no passive effects
@: on fire, glowing
A: high MP 1, forlorn, divine attributes
a: no special abilities


You were on level 7 of the Dungeon.
You visited 1 branch of the dungeon, and saw 7 of its levels.

You collected 365 gold pieces.
You spent 170 gold pieces at shops.


Innate Abilities, Weirdness & Mutations

You have an increased reservoir of magic. (+10% MP)
You shall have no god before yourself.
Your divine heritage dramatically boosts your attributes as you level up.


   Skills:
 - Level 5.1 Fighting
 + Level 9.5 Ranged Weapons
 - Level 2.1 Armour
 - Level 6.7 Dodging
 - Level 0.8 Stealth


You had 8 spell levels left.
You didn't know any spells.
Your spell library was empty.

Inventory:

Hand Weapons
 b - a +2 heavy orcbow (weapon)
Armour
 a - a +0 pair of gloves (worn)
 k - a +0 helmet (worn)
 o - a +2 leather armour of poison resistance (worn)
Jewellery
 c - a +6 ring of dexterity (left hand)
 i - a ring of fire
 l - a ring of positive energy (right hand)
Scrolls
 d - a scroll of teleportation
 e - a scroll of noise {unknown}
 g - a scroll of poison {unknown}
Potions
 f - 2 potions of might
 h - 2 potions of curing
 j - a potion of mutation {unknown}
 m - a potion of magic {unknown}
 n - a potion of enlightenment

Dungeon Overview and Level Annotations

Branches:
Dungeon (7/15)             Temple (0/1) D:5

Shops:
D:4 !   D:5 (   D:7 !*(*


Message History

The arrow barely misses the bombardier beetle.
The liquid fire burns you! The ufetubus hits you.
The ufetubus barely misses you. The ufetubus misses you.
The ufetubus barely misses you.
The bombardier beetle bites you but does no damage.
You shoot an arrow. The arrow hits the bombardier beetle!
The bombardier beetle is severely wounded.
The liquid fire burns you! The ufetubus completely misses you.
The ufetubus closely misses you. The ufetubus misses you.
The ufetubus hits you.
The bombardier beetle sprays incendiary fluid at you.
The burning spray misses you.
You shoot an arrow. The arrow hits the bombardier beetle!!
You kill the bombardier beetle!
The liquid fire burns you!
The ufetubus completely misses you. x2; The ufetubus closely misses you.
The ufetubus completely misses you. The ufetubus misses you.
The ufetubus hits you but does no damage.
You shoot an arrow. The arrow barely misses the ufetubus.
The liquid fire burns you!
The ufetubus hits you but does no damage.
The ufetubus misses you. The ufetubus closely misses you.
The ufetubus barely misses you.
You shoot an arrow. The arrow hits the ufetubus!
The ufetubus is almost dead.
The liquid fire burns you! The ufetubus closely misses you.
The ufetubus hits you.
The ufetubus hits you but does no damage.
The ufetubus hits you. The ufetubus closely misses you.
The ufetubus barely misses you.
You shoot an arrow. The arrow hits the ufetubus.
You kill the ufetubus!
The liquid fire burns you!
You are on fire!
The liquid fire burns you!
You are on fire!
The liquid fire burns you!
You are on fire!
The liquid fire burns you!
You die...

#.# #[# #. #.# ####.###.
#.#####........
#.#........####
#.#.##..#### #
#.#.#.....#####
#.#.#.....#....
#######.#.......#.##.
#..%@...#.........##.
#.$....#####.#.......##.
#.~.~.. #.###.###.##.
#7~~~~. #.........##.
#.~~~~~ ###.##'#####.
#7~~~.. #.##.....'.
#.....P #.##.###.##
#..$..# #..#.# #.#
##.#.###.#


There were no monsters in sight!

Vanquished Creatures
  A cyclops (D:7)
  A hornet (D:5)
  2 water moccasins (D:7)
  3 ice beasts
  A black bear (D:6)
  A sky beast (D:6)
  2 ogres
  2 phantoms
  A kobold brigand (D:7)
  2 scorpions
  6 wights
  3 jellies
  3 bombardier beetles
  2 hounds
  2 orc priests
  2 gnoll boudas (D:5)
  A sleepcap (D:7)
  2 orc wizards (D:5)
  5 iguanas
  6 adders
  11 gnolls
  4 shadow imps
  3 white imps (D:7)
  6 ufetubi (D:7)
  2 dart slugs (D:2)
  15 orcs
  5 bats
  5 endoplasms
  4 giant cockroaches
  6 goblins
  5 hobgoblins
  6 jackals
  3 quokkas
  8 ball pythons
  13 kobolds
  6 rats
150 creatures vanquished.

Notes
Turn   | Place    | Note
-------+----------+-------------------------------------------
     0 | D:1      | qw the Demigod Hunter began the quest for the Orb.
     0 | D:1      | Reached XP level 1. HP: 17/17 MP: 3/3
     0 | D:1      | 0 ||| qw: Version: 0.3-a-155-g5e7d8dd
     0 | D:1      | 0 ||| qw: Game counter: 413
     0 | D:1      | 0 ||| qw: Melee chars always use a shield: true
     0 | D:1      | 0 ||| qw: God list: Okawaru
     0 | D:1      | 0 ||| qw: Allow faded altars: false
     0 | D:1      | 0 ||| qw: Do Orc after clearing Dungeon:15 true
     0 | D:1      | 0 ||| qw: Do second Lair branch before Depths: true
     0 | D:1      | 0 ||| qw: Lair rune preference: random
     0 | D:1      | 0 ||| qw: Goals: Normal
     0 | D:1      | 0 ||| PLANNING D:1-11
   217 | D:1      | Reached skill level 4 in Ranged Weapons
   228 | D:1      | Reached XP level 2. HP: 24/24 MP: 4/4
   916 | D:1      | 916 ||| UPGRADING to +0 ring mail.
   926 | D:1      | 926 ||| DROPPING +0 leather armour.
   927 | D:1      | 927 ||| READING 2 scrolls labelled HEL YGURELE.
   932 | D:1      | 932 ||| DRINKING 2 bubbling yellow potions.
   933 | D:1      | 933 ||| DROPPING scroll of butterflies.
   959 | D:2      | 959 ||| STAIRDANCE
  1000 | D:2      | 1000 ||| STAIRDANCE
  1017 | D:1      | Reached XP level 3. HP: 10/29 MP: 5/5
  1096 | D:2      | 1096 ||| STAIRDANCE
  1193 | D:2      | 1193 ||| STAIRDANCE
  1312 | D:2      | 1312 ||| FLEEEEING.
  1496 | D:2      | Reached skill level 5 in Ranged Weapons
  1571 | D:2      | Reached XP level 4. HP: 36/36 MP: 6/6
  1794 | D:2      | Reached skill level 1 in Armour
  1821 | D:2      | 1821 ||| UPGRADING to +6 ring of dexterity.
  1822 | D:2      | 1822 ||| READING 2 scrolls labelled SOXEFE SEIGGY.
  1822 | D:2      | 1822 ||| IDENTIFYING brown potion
  1823 | D:2      | 1823 ||| READING scroll of identify.
  1823 | D:2      | 1823 ||| IDENTIFYING 2 fuming yellow potions
  1824 | D:2      | 1824 ||| DROPPING 2 potions of attraction.
  1825 | D:2      | 1825 ||| DROPPING potion of brilliance.
  2616 | D:3      | 2616 ||| UPGRADING to +0 helmet.
  2621 | D:3      | 2621 ||| UPGRADING to ring of positive energy.
  2622 | D:3      | 2622 ||| READING 3 scrolls of identify.
  2622 | D:3      | 2622 ||| IDENTIFYING bubbling golden potion
  2623 | D:3      | 2623 ||| READING 2 scrolls of identify.
  2623 | D:3      | 2623 ||| IDENTIFYING smoky brown potion
  2624 | D:3      | 2624 ||| READING scroll of identify.
  2624 | D:3      | 2624 ||| IDENTIFYING murky yellow potion
  2625 | D:3      | 2625 ||| READING scroll labelled CICRUPPEGIL.
  2726 | D:3      | 2726 ||| READING 2 scrolls labelled JEZERI DANK.
  2727 | D:3      | 2727 ||| READING scroll labelled MIJOCW NOGIGG.
  2727 | D:3      | Identified a scroll of acquirement
  2727 | D:3      | 2727 ||| ACQUIRING +2 heavy orcbow
  2727 | D:3      | Acquired a +2 heavy orcbow
  2729 | D:3      | 2729 ||| SWAPPING to +2 heavy orcbow.
  2730 | D:3      | 2730 ||| DROPPING +0 shortbow.
  2731 | D:3      | 2731 ||| DROPPING scroll of amnesia.
  2732 | D:3      | 2732 ||| DROPPING potion of berserk rage.
  2794 | D:4      | Noticed an ice beast
  2795 | D:4      | 2795 ||| RETREEEEATING.
  2797 | D:4      | 2797 ||| RETREEEEATING.
  2800 | D:4      | 2800 ||| RETREEEEATING.
  2803 | D:4      | Killed an ice beast
  2804 | D:4      | Reached XP level 5. HP: 23/41 MP: 7/7
  2925 | D:4      | 2925 ||| FLEEEEING.
  2934 | D:4      | HP: 2/41 [orc priest/divine providence (11)]
  2935 | D:4      | 2935 ||| READING 2 scrolls of teleportation.
  2936 | D:4      | 2936 ||| DRINKING potion of heal wounds.
  2938 | D:4      | Reached skill level 6 in Ranged Weapons
  3315 | D:4      | Noticed an ogre
  3316 | D:4      | Killed an ogre
  3317 | D:4      | Reached skill level 3 in Fighting
  3317 | D:4      | Reached XP level 6. HP: 52/52 MP: 8/8
  3412 | D:4      | Found Lorelaoh's Distillery.
  3417 | D:4      | 3417 ||| BUYING potion of curing (33 gold).
  3417 | D:4      | Bought a potion of curing for 33 gold pieces
  3417 | D:4      | 3417 ||| BUYING potion of curing (33 gold).
  3417 | D:4      | Bought a potion of curing for 33 gold pieces
  3636 | D:4      | 3636 ||| UPGRADING to +0 pair of gloves.
  3641 | D:4      | 3641 ||| DROPPING ring of flight.
  3642 | D:4      | 3642 ||| READING scroll labelled REFUAJ NU CEL.
  3678 | D:5      | Entered Level 5 of the Dungeon
  3701 | D:5      | Reached skill level 3 in Dodging
  3752 | D:5      | Reached XP level 7. HP: 58/58 MP: 9/9
  3756 | D:5      | Reached skill level 7 in Ranged Weapons
  3876 | D:5      | Found Vown's Antique Weapon Boutique.
  3887 | D:5      | 3887 ||| BUYING glowing orcbow (104 gold).
  3887 | D:5      | Bought a glowing orcbow for 104 gold pieces
  3887 | D:5      | 3887 ||| DROPPING +0 orcbow of electrocution.
  3950 | D:5      | Reached skill level 8 in Ranged Weapons
  4031 | D:5      | Noticed a hornet
  4034 | D:5      | Killed a hornet
  4035 | D:5      | Reached XP level 8. HP: 66/66 MP: 10/10
  4058 | D:5      | Found a staircase to the Ecumenical Temple.
  4237 | D:5      | 4237 ||| READING scroll labelled ZICRAUKLICK.
  4338 | D:5      | 4338 ||| READING scroll labelled EXZOJOHEAH.
  4616 | D:6      | Identified the +5 rapier of the Ageless Gods {venom, rF+}
  5174 | D:6      | 5174 ||| UPGRADING to +2 leather armour of poison
                  | resistance.
  5184 | D:6      | 5184 ||| DROPPING +0 ring mail.
  5185 | D:6      | 5185 ||| READING scroll of identify.
  5185 | D:6      | 5185 ||| IDENTIFYING ruby potion
  5186 | D:6      | 5186 ||| DROPPING potion of degeneration.
  5211 | D:7      | Reached skill level 9 in Ranged Weapons
  5423 | D:7      | Reached XP level 9. HP: 74/74 MP: 11/11
  5425 | D:7      | Found Dauch's Distillery.
  5476 | D:7      | Noticed a cyclops
  5479 | D:7      | Killed a cyclops
  5480 | D:7      | Reached skill level 6 in Dodging
  5618 | D:7      | Found Myntead's Weapon Boutique.
  5620 | D:7      | Found Sugaitud's General Store.
  5620 | D:7      | Found Moxiano's General Store.
  5733 | D:7      | 5733 ||| RETREEEEATING.
  5816 | D:7      | HP: 12/74 [burnt (10)]
  5818 | D:7      | HP: 2/74 [burnt (5)]
  5819 | D:7      | Incinerated by a bombardier beetle

Levels and vault maps discovered:
D:1:      nicolae_arrival_somewhat_less_tricky_arrival, layout_loops_ring,
          roderic_serpentine_path, nicolae_houndstooth_variations
D:2:      layout_loops_cross
D:3:      layout_basic, nrook_mini_backslash, skrybe_limestone_x,
          chequers_serial_rivers_micro_a
D:4:      layout_loops_ring, serial_shops, nicolae_shop_pleasant_corner_grove,
          serial_rivers, chequers_serial_rivers_room_a,
          chequers_serial_rivers_micro_c, chequers_serial_rivers_micro_b,
          chequers_serial_rivers_small_3, chequers_serial_rivers_small_a
D:5:      layout_cave_pools, minmay_temple_entry_junction, serial_shops,
          nicolae_shop_advertising_works [nicolae_subvault_shop_adworks],
          wad_rectangle_vault
D:6:      layout_loops_corners, chequers_temple_overflow_statue_of_worship,
          lemuel_crystal_altar
D:7:      layout_loops_ring, serial_demonic, serial_demonic_f, serial_demonic_g,
          serial_demonic_a, serial_demonic_c, serial_shops,
          nicolae_take_the_stairs, minmay_misc_feat_encased,
          nicolae_shop_distant_corner_stores

Skill      XL: |  1  2  3  4  5  6  7  8  9 |
---------------+----------------------------+-----
Ranged Weapons | 4 5 6 8 9 |  9.5
Fighting       | 2 3 5 |  5.1
Dodging        | 2 3 5 6 |  6.7
Armour         | 1 2 |  2.1
Stealth        | |  0.8

Action                     |  1- 3 |  4- 6 |  7- 9 || total
---------------------------+-------+-------+-------++-------
   Fire: Shortbow          |   130 |    48 |       ||   178
         Orcbow            |       |    50 |   151 ||   201
    Use: Scroll            |     1 |    10 |     3 ||    14
         Potion            |     1 |     1 |       ||     2
 Armour: Leather armour    |    10 |       |    32 ||    42
         Ring mail         |    31 |    11 |    16 ||    58
  Dodge: Dodged            |    49 |    20 |   133 ||   202

Table legend:
 A = Non-vault XP
 B = Vault XP
 C = Vault XP percentage of total XP
 D = Non-vault monster count
 E = Vault monster count
 F = Vault count percentage of total count
                 A         B        C        D         E       F
            +---------+---------+-------+---------+---------+-------
      Total |    3871 |     357 |   8.4 |     135 |      15 |  10.0
            +---------+---------+-------+---------+---------+-------
        D:1 |      77 |       0 |   0.0 |      25 |       0 |   0.0
        D:2 |      70 |       0 |   0.0 |      17 |       0 |   0.0
        D:3 |      22 |       0 |   0.0 |      11 |       0 |   0.0
        D:4 |     426 |       0 |   0.0 |      23 |       0 |   0.0
        D:5 |     956 |     276 |  22.4 |      21 |       6 |  22.2
        D:6 |     752 |       0 |   0.0 |      15 |       0 |   0.0
        D:7 |    1568 |      81 |   4.9 |      23 |       9 |  28.1
            +---------+---------+-------+---------+---------+-------
